 Dungeon Crawl Stone Soup version 0.28-a0-909-g796cbd3a86 (webtiles) character file.

Game seed: 8251909023071688066

226 funkygono the Covered (level 6, -5/39 HPs)
             Began as a Gargoyle Fighter on Nov 24, 2021.
             Killed from afar by a steam dragon (6 damage)
             ... with a ball of steam
             ... on level 4 of the Dungeon.
             The game lasted 00:04:09 (3615 turns).

funkygono the Covered (Gargoyle Fighter)            Turns: 3615, Time: 00:04:09

Health: -5/39      AC: 15    Str: 21    XL:     6   Next: 1%
Magic:  6/6        EV: 11    Int: 15    God:
Gold:   137        SH:  4    Dex:  9    Spells: 5/5 levels left

rFire   . . .      SeeInvis .   a - +1 flail
rCold   . . .      Faith    .   c - +0 buckler
rNeg    + . .      Spirit   .   l - +0 chain mail
rPois   ∞          Reflect  .   (no helmet)
rElec   +          Harm     .   h - scarf {+Inv}
rCorr   .          Rampage  .   (no gloves)
Will    .....                   f - +0 pair of boots {Fly}
Stlth   ..........              (no amulet)
HPRegen 0.13/turn               e - +6 ring of intelligence
MPRegen 0.10/turn               n - +4 ring of evasion

@: mighty, flying
A: sickness immunity, AC +4, negative energy resistance 1, electricity
resistance, torment resistance 1, petrification resistance
a: Evoke Invisibility


You were on level 4 of the Dungeon.
You visited 1 branch of the dungeon, and saw 4 of its levels.

You collected 137 gold pieces.

Inventory:

Hand Weapons
 a - a +1 flail (weapon)
Missiles
 j - 4 stones
 o - 6 boomerangs (quivered)
 r - 14 poisoned darts
Armour
 b - a +0 scale mail
 c - a +0 buckler (worn)
 f - a +0 pair of boots of flying (worn)
 h - a scarf of invisibility (worn)
 l - a +0 chain mail (worn)
Jewellery
 e - a +6 ring of intelligence (left hand)
 n - a +4 ring of evasion (right hand)
Potions
 d - 2 potions of might
 g - a potion of berserk rage {unknown}
 i - a potion of curing {unknown}
 k - a potion of magic {unknown}
 m - 2 potions of brilliance {unknown}
 p - 2 potions of flight {unknown}
 q - 2 potions of haste {unknown}


   Skills:
 + Level 4.4 Fighting
 + Level 4.1 Maces & Flails
 + Level 4.4 Armour
 + Level 0.4 Dodging
 + Level 3.7 Shields


You had 5 spell levels left.
You didn't know any spells.
Your spell library was empty.

Dungeon Overview and Level Annotations

Branches:
Dungeon (4/15)
 Temple: D:4-7

Altars:


Innate Abilities, Weirdness & Mutations

You are immune to sickness and miasma.
Your stone body is resilient. (AC +4)
You are immune to poison.
You resist negative energy. (rN+)
You are resistant to electric shocks. (rElec)
You are resistant to unholy torment.
You are immune to petrification.


Message History

The steam dragon breathes steam at you. The ball of steam misses you.
You barely miss the steam dragon.
The steam dragon is lightly wounded.
You are engulfed in a cloud of scalding steam.
The steam dragon barely misses you.
The steam dragon claws you but does no damage.
You barely miss the steam dragon.
The steam dragon is lightly wounded.
The steam dragon bites you! The steam dragon claws you.
You barely miss the steam dragon.
The steam dragon is lightly wounded.
The steam dragon bites you. The steam dragon barely misses you.
The steam dragon breathes steam at you. The ball of steam hits you!
* * * LOW HITPOINT WARNING * * *
You hit the steam dragon.
The steam dragon is moderately wounded.
You are engulfed in a cloud of scalding steam.
* * * LOW HITPOINT WARNING * * *
The steam dragon barely misses you.
The steam dragon claws you but does no damage.
You feel very mighty all of a sudden.
You are engulfed in a cloud of scalding steam.
You block the steam dragon's attack. The steam dragon completely misses you.
The steam dragon barely misses you.
The steam dragon claws you but does no damage.
You barely miss the steam dragon.
The steam dragon is moderately wounded.
The steam dragon bites you.
* * * LOW HITPOINT WARNING * * *
The steam dragon closely misses you.
You sock the steam dragon!
The steam dragon is severely wounded.
The steam dragon misses you. The steam dragon closely misses you.
You sock the steam dragon!
The steam dragon is almost dead.
The steam dragon breathes steam at you. The ball of steam hits you.
You die...

....# #..
.....####..#
...........
..........#
..........##
...........##
............#####
......D@........####
#######..>..........
##............
#..§.#####... #.§.##
#...# #..## #...#
##..## ###


You could see a steam dragon (catching breath).

Vanquished Creatures
  A water moccasin zombie (D:3)
  2 hounds
  2 iguanas
  An adder (D:3)
  A worm (D:2)
  2 dart slugs
  An orc (D:3)
  8 ball pythons
  3 bats (D:1)
  An endoplasm (D:1)
  2 giant cockroaches
  2 goblins (D:2)
  4 hobgoblins
  2 jackals (D:3)
  4 kobolds
  3 quokkas
  2 frilled lizards (D:2)
  4 rats
45 creatures vanquished.

Notes
Turn   | Place    | Note
-------+----------+-------------------------------------------
     0 | D:1      | funkygono the Gargoyle Fighter began the quest for the Orb.
     0 | D:1      | Reached XP level 1. HP: 14/14 MP: 1/1
   128 | D:1      | Reached XP level 2. HP: 16/19 MP: 2/2
   220 | D:1      | Found a faded altar of an unknown god.
  1336 | D:2      | Reached XP level 3. HP: 24/24 MP: 3/3
  2128 | D:3      | Reached XP level 4. HP: 8/29 MP: 4/4
  2603 | D:3      | Reached XP level 5. HP: 19/34 MP: 5/5
  3373 | D:4      | Reached XP level 6. HP: 23/39 MP: 6/6
  3599 | D:4      | Noticed a steam dragon
  3613 | D:4      | HP: 1/39 [steam dragon (1)]
  3615 | D:4      | Killed from afar by a steam dragon

Illustrated notes

Levels and vault maps discovered:
D:1:      heliophobic_arrival_dark_side_of_the_moon, layout_loops_corners,
          basic_ecumenical_altar
D:2:      layout_rooms, st_stairs_14
D:3:      layout_basic
D:4:      layout_layer_cave, trog_butcher_becter

Skill      XL: |  1  2  3  4  5 |
---------------+----------------+-----
Fighting       | 4 |  4.4
Armour         | 4 |  4.4
Maces & Flails | 3 4 |  4.1
Dodging        | |  0.4
Shields        | |  3.7

Action                   |  1- 3 |  4- 6 || total
-------------------------+-------+-------++-------
Melee: Flail             |   132 |    75 ||   207
Throw: Boomerang         |       |     3 ||     3
  Use: Scroll            |     4 |     1 ||     5
       Potion            |       |     1 ||     1
Armor: Scale mail        |    31 |       ||    31
       Chain mail        |    29 |    38 ||    67
Dodge: Dodged            |    70 |    41 ||   111
Block: Buckler           |    22 |    15 ||    37

Table legend: (Time is in decaauts)
 A = Elapsed time spent in this place.
 B = Non-inter-level travel time spent in this place.
 C = Inter-level travel time spent in this place.
 D = Time resting spent in this place.
 E = Time spent auto-exploring this place.
 F = Levels seen in this place.
 G = Mean time per level.
                   A        B        C        D        E       F      G
               +--------+--------+--------+--------+--------+-----+--------+
         Total |   3670 |   3507 |    163 |     55 |   2872 |   4 |  917.5 |
       Dungeon |   3670 |   3507 |    163 |     55 |   2872 |   4 |  917.5 |
               +--------+--------+--------+--------+--------+-----+--------+

Top non-repeatable levels by time:
     D:3: 1408 daAuts
     D:1: 1125 daAuts
     D:2: 701 daAuts
     D:4: 434 daAuts
